AoeStats
← _ridiwan_

Arabia

509932497Analyzed
1v1 RM · 5d ago on Sep 28, 2026· 70m 52s· 2 players
Game mode
Random Map
Map size
Tiny (2 player)
Population
200
Speed
Normal
Resources
Standard
Victory
Conquest
Starting age
Dark Age
Ending age
Imperial Age
RankedLock teamsTeams togetherTeam positionsShared explorationLock speedFull tech treeHidden civsTurbo modeCheats
Victory
Defeat
🇨🇱 Teutons · Chile
501
+13
🇨🇭 Teutons · Switzerland
427
-13
_ridiwan_
10:00 Loom
14:00 Feudal Age
20:42 Castle Age
20:28 Double-Bit Axe
20:28 Horse Collar
21:58 Crossbowman
23:44 Scale Barding Armor
23:30 Fletching
30:13 Bodkin Arrow
31:33 Bow Saw
31:21 Gold Mining
32:09 Elite Skirmisher
32:53 Stone Mining
40:21 Imperial Age
39:12 Stone Shaft Mining
38:02 Pikeman
39:10 Heavy Plow
41:04 Cavalier
43:00 Ballistics
43:41 Chemistry
44:00 Wheelbarrow
46:44 Chain Barding Armor
47:35 Paladin
54:01 Plate Barding Armor
53:27 Padded Archer Armor
Cereweon
11:42 Feudal Age
17:36 Castle Age
17:52 Pikeman
18:58 Double-Bit Axe
23:22 Bloodlines
23:05 Horse Collar
23:36 Bow Saw
24:13 Wheelbarrow
30:48 Hand Cart
33:06 Gold Mining
33:07 Stone Mining
35:03 Stone Shaft Mining
34:18 Town Watch
34:19 Loom
36:29 Man-at-Arms
36:55 Gambesons
37:10 Squires
38:33 Bow Saw
38:32 Heavy Plow
39:10 Town Patrol
44:16 Forging
44:12 Scale Barding Armor
45:51 Iron Casting
51:43 Imperial Age
52:05 Capped Ram
53:50 Blast Furnace
52:51 Scale Mail Armor
52:31 Cavalier
55:48 Paladin
58:31 Crop Rotation
59:05 Two-Man Saw
61:28 Conscription
Connection lost

Rejoining the realm…

Still unreachable

The connection could not be restored.

Session expired

The server has moved on; the page needs a fresh start.